 Dungeon Crawl Stone Soup version 0.32-a0-120-gfac0567ad4 (webtiles) character file.

Game seed: 15904795185822358624

56 IdlyInterested the Trooper (level 3, -3/29 HPs)
             Began as a Demonspawn Fighter on Feb 6, 2024.
             Slain by a cerulean imp
             ... wielding a +2 spear
             ... summoned by Natasha
              (5 damage)
             ... on level 2 of the Dungeon.
             The game lasted 00:03:17 (912 turns).

IdlyInterested the Trooper (Demonspawn Fighter)      Turns: 912, Time: 00:03:19

Health: -3/29      AC: 10    Str: 18    XL:     3   Next: 69%
Magic:  3/3        EV:  6    Int: 14    God:
Gold:   50         SH:  9    Dex: 18    Spells: 2/2 levels left

rFire   + . .        a - +0 rapier
rCold   + . .        h - +0 kite shield
rNeg    . . .        m - +0 chain mail
rPois   +            (helmet restricted)
rElec   +            (no cloak)
rCorr   +            g - +0 pair of gloves
SInv    .            (no boots)
Will    .....        (no amulet) Stlth
                     n - +6 ring of dexterity
HPRegen 0.24/turn    p - +6 ring of intelligence
MPRegen 0.08/turn

%: no passive effects
@: brilliant, resistant
A: antennae 1
a: no special abilities


You were on level 2 of the Dungeon.
You visited 1 branch of the dungeon, and saw 2 of its levels.

You collected 50 gold pieces.

Inventory:

Hand Weapons
 a - a +0 rapier (weapon)
Missiles
 i - 13 stones (quivered)
 k - 3 poisoned darts
Armour
 b - a +0 scale mail
 c - a +0 buckler
 g - a +0 pair of gloves (worn)
 h - a +0 kite shield (worn)
 m - a +0 chain mail (worn)
Jewellery
 n - a +6 ring of dexterity (left hand)
 p - a +6 ring of intelligence (right hand)
Scrolls
 e - a scroll of enchant armour {unknown}
 f - a scroll of noise {unknown}
 j - a scroll of vulnerability {unknown}
 q - a scroll of fear {unknown}
 r - 2 scrolls of identify {unknown}
Potions
 d - a potion of might
 l - a potion of brilliance


   Skills:
 + Level 3.4 Fighting
 + Level 2.3 Short Blades
 - Level 3.0 Armour
 - Level 0.1 Dodging
 * Level 3.3 Shields


You had 2 spell levels left.
You didn't know any spells.
Your spell library contained the following spells:

 Spells                   Type           Power      Damage    Failure   Level
 Call Imp                 Summ           0%         N/A       100%        2
 Sublimation of Blood     Necr           0%         N/A       100%        2
 Summon Hydra             Summ           0%         N/A       100%        7


Dungeon Overview and Level Annotations

Branches:
Dungeon (2/15)

Altars:

Annotations:
D:2 Natasha


Innate Abilities, Weirdness & Mutations

You have a pair of small antennae on your head.


Message History

Natasha barely misses you.
You closely miss Natasha. You block Natasha's attack. Natasha claws you.
You hit Natasha but do no damage. Natasha claws you.
You hit Natasha.
Natasha is moderately wounded.
Natasha stares at you and mumbles some strange words.
You feel yourself slow down.
You hit Natasha.
Natasha is severely wounded.
Natasha claws you. Natasha claws you!
You puncture Natasha!
You kill Natasha!
Natasha screams in pain as she dies!
Natasha, Servant of Life and Death comes into view.
Natasha casts a spell.
Natasha stares at you and mumbles some strange words.
The magic dart hits you.
* * * LOW HITPOINT WARNING * * *
It was a potion of brilliance.
You feel clever all of a sudden. You block the cerulean imp's attack.
You block Natasha's attack.
The cerulean imp hits you from afar with a +2 spear.
* * * LOW HITPOINT WARNING * * *
It was a potion of resistance.
You feel protected. Natasha claws you but does no damage.
You block the cerulean imp's attack.
Natasha stares at you and mumbles some strange words.
The magic dart hits you.
* * * LOW HITPOINT WARNING * * *
You hit Natasha.
Natasha is moderately wounded.
You block the cerulean imp's attack. You block Natasha's attack.
You block the cerulean imp's attack.
You hit Natasha.
Natasha is severely wounded.
You feel yourself speed up. Natasha claws you but does no damage.
The cerulean imp closely misses you. You block Natasha's attack.
The cerulean imp hits you from afar with a +2 spear.
You die...

#........... #........<.#
#..........# #.........#
##..†...# ##
########.......# ..
.............<## #
##...$.....?....
#....@....#..##
#....h....#.## ####
##....5......# ...#
##........#..## ..^#
#............###
...######...............#
...#... ...#.......#.##.
...>.# ...######.#.#.#
....##..#.# #.#.# #


You could see Natasha and a cerulean imp (summoned).

Vanquished Creatures
  Natasha (D:2)
  6 ball pythons
  2 bats (D:1)
  2 endoplasms (D:2)
  A giant cockroach (D:1)
  4 goblins (D:1)
  3 hobgoblins (D:1)
  2 jackals (D:1)
  A frilled lizard (D:1)
  6 kobolds (D:1)
  A rat (D:1)
29 creatures vanquished.

Notes
Turn   | Place    | Note
-------+----------+-------------------------------------------
     0 | D:1      | IdlyInterested the Demonspawn Fighter began the quest for
                  | the Orb.
     0 | D:1      | Reached XP level 1. HP: 18/18 MP: 1/1
    76 | D:1      | Found a faded altar of an unknown god.
   142 | D:1      | Gained mutation: You have a pair of small antennae on your
                  | head. [demonic ancestry]
   142 | D:1      | Reached XP level 2. HP: 17/24 MP: 2/2
   799 | D:2      | Reached XP level 3. HP: 29/29 MP: 3/3
   897 | D:2      | Noticed Natasha
   905 | D:2      | Killed Natasha
   905 | D:2      | Noticed Natasha
   910 | D:2      | HP: 1/29 [Natasha/magic dart (5)]
   912 | D:2      | Slain by a cerulean imp

Illustrated notes

Levels and vault maps discovered:
D:1:      wheals_arrival_shading, layout_basic, basic_ecumenical_altar,
          grunt_decor_mini_mirrors
D:2:      layout_rooms, kennysheep_another_room, uniq_natasha

Skill      XL: |  1  2 |
---------------+-------+-----
Armour         | 3 |  3.0
Short Blades   | 2 |  2.3
Shields        | 3 |  3.3
Fighting       | |  3.4
Dodging        | |  0.1

Action                     || total
---------------------------++-------
  Melee: Rapier            ||   118
    Use: Potion            ||     2
 Armour: Scale mail        ||    85
         Chain mail        ||    13
  Dodge: Dodged            ||    39
  Block: Buckler           ||     8
         Kite shield       ||    33

Table legend: (Time is in decaauts)
 A = Elapsed time spent in this place.
 B = Non-inter-level travel time spent in this place.
 C = Inter-level travel time spent in this place.
 D = Time resting spent in this place.
 E = Time spent auto-exploring this place.
 F = Levels seen in this place.
 G = Mean time per level.
                   A        B        C        D        E       F      G
               +--------+--------+--------+--------+--------+-----+--------+
         Total |    940 |    908 |     32 |     63 |    493 |   2 |  470.0 |
       Dungeon |    940 |    908 |     32 |     63 |    493 |   2 |  470.0 |
               +--------+--------+--------+--------+--------+-----+--------+

Top non-repeatable levels by time:
     D:1: 730 daAuts
     D:2: 210 daAuts
